 Dungeon Crawl Stone Soup version 0.28-a0-514-g0d7ab7f379 (webtiles) character file.

Game seed: 7278138394859032530

5 barkas the Stinger (level 1, -3/16 HPs)
             Began as a Naga Venom Mage on Sept 22, 2021.
             Slain by a quokka (4 damage)
             ... on level 1 of the Dungeon.
             The game lasted 00:00:39 (226 turns).

barkas the Stinger (Naga Venom Mage)                 Turns: 226, Time: 00:00:39

Health: -3/16      AC:  1    Str: 10    XL:     1   Next: 80%
Magic:  0/3        EV:  9    Int: 15    God:
Gold:   0          SH:  0    Dex: 11    Spells: 3/4 levels left

rFire   . . .      SeeInvis +   b - +0 dagger
rCold   . . .      Faith    .   (no shield)
rNeg    . . .      Spirit   .   a - +0 robe
rPois   +          Reflect  .   (no helmet)
rElec   .          Harm     .   (no cloak)
rCorr   .          Rampage  .   (no gloves)
Will    .....                   (no barding)
Stlth   ++........              (no amulet)
HPRegen 0.05/turn               (no ring)
MPRegen 0.08/turn               (no ring)

@: short of breath, very slightly contaminated, very slow
A: AC +0, large, see invisible, deformed body, poison resistance, slowness 2,
spit poison 1, naga tail 1
a: Spit Poison


You were on level 1 of the Dungeon.
You visited 1 branch of the dungeon, and saw 1 of its levels.

Inventory:

Hand Weapons
 b - a +0 dagger (weapon)
Armour
 a - a +0 robe (worn)


   Skills:
 + Level 0.4 Fighting
 - Level 1.5 Dodging
 + Level 3.2 Stealth
 - Level 2.0 Spellcasting
 + Level 1.2 Transmutations
 + Level 4.1 Poison Magic


You had 3 spell levels left.
You knew the following spells:

 Your Spells              Type           Power      Damage    Failure   Level
a - Sting                 Tmut/Pois      36%        1d4       8%          1

Your spell library contained the following spells:

 Spells                   Type           Power      Damage    Failure   Level
 Poisonous Vapours        Pois/Air       14%        N/A       14%         2
 Mephitic Cloud           Conj/Pois/Air  5%         N/A       36%         3
 Olgreb's Toxic Radiance  Pois           13%        N/A       38%         4


Dungeon Overview and Level Annotations

Branches:
Dungeon (1/15)

Altars:


Innate Abilities, Weirdness & Mutations

Your serpentine skin is tough. (AC +0)
You have supernaturally acute eyesight. (SInv)
Armour fits poorly on your strangely shaped body.
Your system is resistant to poisons. (rPois)
You cover ground very slowly.
You can spit poison.
You have a snake-like lower body.


Message History

You see here a scroll labelled UVOMIE RUTZ.
Casting: Sting (safe; 8% risk of failure)
Confirm with . or Enter, or press ? or * to list all spells.
Aiming: Sting (safe; 8% risk of failure)
Press: ? - help, Shift-Dir - straight line, f - quokka
Aim: a quokka (56% to hit)
The sting hits the quokka.
The quokka is poisoned.
The quokka is moderately wounded.
Casting: Sting (safe; 8% risk of failure)
Confirm with . or Enter, or press ? or * to list all spells.
Aiming: Sting (safe; 8% risk of failure)
Press: ? - help, Shift-Dir - straight line, f/p - quokka
Aim: a quokka (heavily wounded, poisoned, 56% to hit)
You miscast Sting.
You are very lightly contaminated with residual magic.
Nothing appears to happen.
The quokka bites you.
Casting: Sting (safe; 8% risk of failure)
Confirm with . or Enter, or press ? or * to list all spells.
Aiming: Sting (safe; 8% risk of failure)
Press: ? - help, Shift-Dir - straight line, f/p - quokka
Aim: a quokka (severely wounded, poisoned, 56% to hit)
You miscast Sting.
Nothing appears to happen.
The quokka bites you.
A quokka is nearby!
A quokka is nearby!
You closely miss the quokka.
The quokka is severely wounded.
The quokka bites you.
* * * LOW HITPOINT WARNING * * *
You are too injured to fight recklessly!
You are too injured to fight recklessly!
Press: ? - help, Shift-Dir - straight line, f/p - quokka
Aim: a quokka (heavily wounded, poisoned)
The splash of poison misses the quokka.
The quokka bites you.
* * * LOW HITPOINT WARNING * * *
The quokka barely misses you.
Unknown command.
You hit the quokka but do no damage.
The quokka is moderately wounded.
The quokka bites you.
You die...

#. #......
#.######.##..###.
#.........[......
#...##♣♣♣.♣♣♣##.. #...#
♣⌠♣ #..
#...♣♣♣♣♣.♣♣♣♣♣..
#......⌠.<.⌠.....
########...♣♣♣♣♣.♣♣♣♣♣..
......r@...# ♣⌠♣ #..
######.#...##♣♣♣.♣♣♣##..
..###...............
###.####..######.#.##
#.###.## #.†.#
####..#.## #.###
........########.####
.#####.#..............
.........########.####


You could see a quokka (poisoned).

Vanquished Creatures
  An endoplasm (D:1)
  A hobgoblin (D:1)
  2 frilled lizards (D:1)
  A kobold (D:1)
  A rat (D:1)
6 creatures vanquished.

Notes
Turn   | Place    | Note
-------+----------+-------------------------------------------
     0 | D:1      | barkas the Naga Venom Mage began the quest for the Orb.
     0 | D:1      | Reached XP level 1. HP: 15/15 MP: 3/3
   226 | D:1      | Slain by a quokka

Illustrated notes

Levels and vault maps discovered:
D:1:      scummos_arrival_forest, layout_loops_ring, serial_shops,
          nicolae_shop_waterfront, hangedman_glass_teeth, minmay_box_of_dots

Action                   || total
-------------------------++-------
Melee: Dagger            ||     5
 Cast: Sting             ||    10
 Abil: Spit Poison       ||     1
Dodge: Dodged            ||     2

Table legend: (Time is in decaauts)
 A = Elapsed time spent in this place.
 B = Non-inter-level travel time spent in this place.
 C = Inter-level travel time spent in this place.
 D = Time resting spent in this place.
 E = Time spent auto-exploring this place.
 F = Levels seen in this place.
 G = Mean time per level.
                   A        B        C        D        E       F      G
               +--------+--------+--------+--------+--------+-----+--------+
         Total |    266 |    266 |      0 |      0 |    215 |   1 |  266.0 |
       Dungeon |    266 |    266 |      0 |      0 |    215 |   1 |  266.0 |
               +--------+--------+--------+--------+--------+-----+--------+

Top non-repeatable levels by time:
     D:1: 266 daAuts
